 Dungeon Crawl Stone Soup version 0.30.0-29-ga12c61a403 (webtiles) character file.

Game seed: 17456513172616775065

36 cdecastro the Chopper (level 3, -3/31 HPs)
             Began as a Hill Orc Fighter on June 12, 2023.
             Slain by an orc priest
             ... wielding a +0 flail
              (8 damage)
             ... on level 2 of the Dungeon.
             The game lasted 00:01:55 (1382 turns).

cdecastro the Chopper (Hill Orc Fighter)            Turns: 1382, Time: 00:01:55

Health: -3/31      AC:  6    Str: 20    XL:     3   Next: 37%
Magic:  3/3        EV:  9    Int:  8    God:
Gold:   90         SH:  4    Dex: 10    Spells: 2/2 levels left

rFire   . . .        a - +0 war axe
rCold   . . .        c - +0 buckler
rNeg    . . .        b - +0 scale mail
rPois   .            (no helmet)
rElec   .            (no cloak)
rCorr   .            (no gloves)
SInv    .            (no boots)
Will    .....        (no amulet) Stlth
                     (no ring)
HPRegen 0.25/turn    (no ring)
MPRegen 0.08/turn

%: no passive effects
@: no status effects
A: no striking features
a: Convert to Beogh


You were on level 2 of the Dungeon.
You visited 1 branch of the dungeon, and saw 3 of its levels.

You collected 90 gold pieces.

Inventory:

Hand Weapons
 a - a +0 war axe (weapon)
Armour
 b - a +0 scale mail (worn)
 c - a +0 buckler (worn)
Jewellery
 o - a ring of see invisible
Scrolls
 e - 4 scrolls of identify {unknown}
 g - a scroll of butterflies {unknown}
 i - 2 scrolls of noise {unknown}
 l - a scroll of poison {unknown}
 m - a scroll of teleportation {unknown}
 n - a scroll of immolation {unknown}
Potions
 d - a potion of might
 f - a potion of flight {unknown}
 h - 2 potions of curing {unknown}
 j - 2 potions of attraction {unknown}
 k - 2 potions of haste {unknown}
 p - a potion of lignification {unknown}


   Skills:
 - Level 3.6 Fighting
 + Level 5.0 Axes
 - Level 3.2 Armour
 - Level 3.2 Shields


You had 2 spell levels left.
You didn't know any spells.
Your spell library was empty.

Dungeon Overview and Level Annotations

Branches:
Dungeon (3/15)

Altars:


Message History

There is a stone staircase leading up here.
Unknown command.
An orc priest and an orc come into view.
The orc priest shouts, "Beogh is our master!
Accept the truth or die!" (press Y on the ability menu to convert to Beogh)
The orc priest shouts!
The orc hits you but does no damage. The orc hits you with a +0 dagger.
The orc attacks as you move away! You block the orc's attack.
There is a stone staircase leading up here.
You slash the orc!
You kill the orc!
A worm comes into view.
Your Axes skill increases to level 5!
You climb upwards.
There is a stone staircase leading down here.
Unknown command.
You closely miss the orc priest.
The orc priest shouts, "Surrender to Beogh and we'll let you live!" x2
The orc priest barely misses you.
You hit the orc priest.
The orc priest is lightly wounded.
The orc priest hits you but does no damage.
You closely miss the orc priest.
The orc priest is lightly wounded.
The orc priest barely misses you.
The orc priest invokes the aid of Beogh against you.
Beogh smites you!
You hit the orc priest.
The orc priest is heavily wounded.
The orc priest calls down the wrath of Beogh upon you.
Beogh smites you!
* * * LOW HITPOINT WARNING * * *
You closely miss the orc priest.
The orc priest is heavily wounded.
The orc priest hits you with a +0 flail.
* * * LOW HITPOINT WARNING * * *
You hit the orc priest.
The orc priest is severely wounded.
The orc priest hits you with a +0 flail!
You die...

###.....#.###...#..#
.##.....#.# #...#..#
..'.....+.# #...#..#
.##.....### #.#.#..##
.##.....#
#.#.#...#######
.##.....#
#.#...........#
.##.....#
#.##....#####.#
###.....#####.##.o#.#
#.#
########......@.#.#
#.#
#.##.#####.#####.#
#.#....# #.......#
#.#..#.# #########
#.####.# #......#
########


You could see an orc priest.

Vanquished Creatures
  A worm (D:2)
  An orc (D:3)
  An endoplasm (D:2)
  A giant cockroach (D:1)
  4 goblins
  4 hobgoblins (D:1)
  A quokka (D:2)
  3 ball pythons
  4 bats (D:1)
  A frilled lizard (D:1)
  5 kobolds
  5 rats
31 creatures vanquished.

Notes
Turn   | Place    | Note
-------+----------+-------------------------------------------
     0 | D:1      | cdecastro the Hill Orc Fighter began the quest for the Orb.
     0 | D:1      | Reached XP level 1. HP: 19/19 MP: 1/1
    29 | D:1      | Reached skill level 3 in Axes
   142 | D:1      | Reached XP level 2. HP: 26/26 MP: 2/2
   270 | D:1      | Reached skill level 4 in Axes
   707 | D:2      | Reached XP level 3. HP: 31/31 MP: 3/3
  1375 | D:3      | Reached skill level 5 in Axes
  1382 | D:2      | Slain by an orc priest

Illustrated notes

Levels and vault maps discovered:
D:1:      mrwooster_arrival_arrow, layout_basic, chequers_serial_rivers_small_b
D:2:      layout_basic
D:3:      cheibrodos_greedy_goblins, layout_basic, trog_book, dk_xom_monty_hall,
          uniq_jessica

Skill      XL: |  1  2  3 |
---------------+----------+-----
Axes           | 3 4 5 |  5.0
Fighting       | |  3.6
Armour         | |  3.2
Shields        | |  3.2

Action                     || total
---------------------------++-------
  Melee: War axe           ||    90
 Armour: Scale mail        ||    35
  Dodge: Dodged            ||    39
  Block: Buckler           ||    18
